 Dungeon Crawl Stone Soup version 0.32-a0-996-gb3226c233f (webtiles) character file.

Game seed: 15311778314962598388

1437707 KennySheep the Archmage (level 25, 127/148 (159) HPs)
             Began as a Deep Elf Cinder Acolyte on Apr 21, 2024.
             Was the Champion of Vehumet.
             Escaped with the Orb
             ... and 3 runes on Apr 24, 2024!
             The game lasted 07:15:59 (94049 turns).

KennySheep the Archmage (Deep Elf Cinder Acolyte)  Turns: 94049, Time: 07:15:59

HP:   127/148 (159) AC: 25    Str: 10    XL:     25   Next: 89%
MP:   63/65         EV: 17    Int: 35    God:    Vehumet [******]
Gold: 4391          SH:  0    Dex: 20    Spells: 29/78 levels left

rFire   + + .        a - staff of cold
rCold   + + .        (no shield)
rNeg    + . .        w - +0 fire dragon scales
rPois   +            F - +2 helmet {SInv}
rElec   .            K - +2 cloak {rCorr}
rCorr   +            y - +2 pair of gloves
SInv    +            m - +1 pair of boots of Bemoak {rPois Int+4}
Will    +++++        u - amulet of the Four Winds {rN+ Will+++ Clar}
Stlth   ++           c - ring "Sysuip" {rF+ MP+9 Dex+3}
HPRegen 0.44/turn    A - ring of Benwig {Ice Will+ Dex+3}
MPRegen 0.39/turn

%: clarity
@: drained
A: agile 1, cold resistance 1, deterioration 1, inhibited regeneration, noise
suppression, persistent drain
0: Orb of Zot
}: 3/15 runes: decaying, silver, gossamer
a: Renounce Religion


You escaped.
You worshipped Vehumet.
Vehumet was exalted by your worship.
You visited 11 branches of the dungeon, and saw 50 of its levels.
You also visited: Sewer.

You collected 8456 gold pieces.
You spent 4065 gold pieces at shops.

Inventory:

Hand Weapons
 b - the +9 arbalest of the Volcano {penet, rElec rPois rN+}
   (You bought it in a shop on level 2 of the Orcish Mines)

   rElec:     It insulates you from electricity.
   rPois:     It protects you from poison.
   rN+:       It protects you from negative energy.
 q - the +8 lance "Wyrmbane" {slay drac, rPois rF+ rC+ AC+3}
   (You found it on level 14 of the Dungeon)

   AC+3:      It affects your AC (+3).
   rF+:       It protects you from fire.
   rC+:       It protects you from cold.
   rPois:     It protects you from poison.
Missiles
 l - a throwing net
Armour
 m - the +1 pair of boots of Bemoak (worn) {rPois Int+4}
   (You found it on level 3 of the Vaults)

   Int+4:     It affects your intelligence (+4).
   rPois:     It protects you from poison.
 w - +0 fire dragon scales (worn)
 y - a +2 pair of gloves (worn)
 F - a +2 helmet of see invisible (worn)
 K - a +2 cloak of preservation (worn)
Magical Staves
 a - a staff of cold (weapon)
Jewellery
 c - the ring "Sysuip" (left hand) {rF+ MP+9 Dex+3}
   (You found it on level 2 of the Depths)

   [ring of magical power]

   Dex+3:     It affects your dexterity (+3).
   rF+:       It protects you from fire.
   MP+9:      It affects your magic capacity (+9).
 u - the amulet of the Four Winds (around neck) {rN+ Will+++ Clar}
   (You found it on level 4 of the Dungeon)

   [amulet of nothing]

   rN+:       It protects you from negative energy.
   Will+++:   It greatly increases your willpower.
   Clar:      It protects you from confusion, rage, mesmerisation and fear.
 A - the ring of Benwig (right hand) {Ice Will+ Dex+3}
   (You took it off Josephina on level 1 of the Crypt)

   [ring of ice]

   Ice:       It enhances your ice magic.
   Dex+3:     It affects your dexterity (+3).
   rF-:       It makes you vulnerable to fire.
   rC+:       It protects you from cold.
   Will+:     It increases your willpower.
 C - a ring of the Octopus King {Wiz HP+2 AC+2 EV+2 SH+2}
   (You found it on level 4 of the Realm of Zot)

   [ring of wizardry]

   Wiz:       It improves your spell success rate.
   AC+2:      It affects your AC (+2).
   EV+2:      It affects your evasion (+2).
   HP+2:      It affects your health (+2).
   SH+2:      It affects your SH (+2).
 I - the ring "Gyex" {rN+ Str+6 Int+4 SInv Stlth+}
   (You found it on level 3 of the Spider Nest)

   [ring of strength]

   Str+6:     It affects your strength (+6).
   Int+4:     It affects your intelligence (+4).
   rN+:       It protects you from negative energy.
   SInv:      It lets you see invisible.
   Stlth+:    It makes you more stealthy.
Wands
 n - a wand of quicksilver (31)
 M - a wand of charming (73)
 P - a wand of polymorph (24)
 S - a wand of roots (66)
 U - a wand of digging (34)
 V - a wand of mindburst (21)
 X - a wand of flame (45)
Scrolls
 d - 16 scrolls of amnesia
 g - 16 scrolls of noise
 i - 2 scrolls of silence
 j - 5 scrolls of fear
 p - 2 scrolls of fog
 s - 11 scrolls of teleportation
 t - 3 scrolls of vulnerability
 E - 5 scrolls of revelation
 G - 6 scrolls of immolation
 O - 2 scrolls of blinking
 Q - 5 scrolls of enchant weapon
 W - 5 scrolls of poison
 Z - a scroll of torment
Potions
 e - 2 potions of invisibility
 f - 7 potions of haste
 h - 2 potions of heal wounds
 k - 11 potions of ambrosia
 o - 16 potions of enlightenment
 r - 18 potions of curing
 x - 10 potions of lignification
 z - 12 potions of brilliance
 D - 6 potions of cancellation
 J - 5 potions of might
 L - 5 potions of resistance
 R - 7 potions of mutation
 T - a potion of berserk rage
Miscellaneous
 v - a Gell's gravitambourine (2/2)
 B - a lightning rod (4/4)
 Y - a sack of spiders


   Skills:
 + Level 16.4 Fighting
 - Level 2.1 Maces & Flails
 - Level 18.8 Ranged Weapons
 + Level 11.4 Armour
 + Level 20.3 Dodging
 + Level 18.2 Stealth
 O Level 27 Spellcasting
 - Level 6.6 Translocations
 - Level 3.2 Fire Magic
 O Level 27 Ice Magic
 + Level 7.1 Alchemy


You had 29 spell levels left.
You knew the following spells:

 Your Spells              Type           Power      Damage    Failure   Level
a - Scorch                Fire           100%       2d9       1%          2
b - Ensorcelled Hibernat  Hex/Ice        100%       N/A       0%          2
c - Passage of Golubria   Tloc           76%        N/A       1%          4
d - Permafrost Eruption   Ice/Erth       72%        2x4d16    1%          6
e - Polar Vortex          Ice            88%        12d11*    1%          9
f - Summon Ice Beast      Ice/Summ       100%       N/A       1%          3
g - Sculpt Simulacrum     Ice/Alch       77%        N/A       1%          6
h - Blink                 Tloc           100%       N/A       1%          2
i - Disjunction           Tloc           38%        N/A       100%        8
z - Ozocubu's Refrigerat  Ice            88%        4d27      1%          7

Your spell library contained the following spells:

 Spells                   Type           Power      Damage    Failure   Level
 Fulsome Fusillade        Conj/Alch      32%        (3-5)d11  100%        8
 Ignition                 Fire           31%        3d10      100%        8
 Maxwell's Capacitive Co  Air            23%        ∞         100%        8
 Apportation              Tloc           100%       N/A       1%          1
 Kiss of Death            Conj/Necr      100%       2d13      1%          1
 Magic Dart               Conj           100%       1d8       1%          1
 Shock                    Conj/Air       100%       1d9       1%          1
 Sting                    Conj/Alch      100%       1d9       1%          1
 Cigotuvi's Dreadful Rot  Necr/Alch/Air  100%       N/A       1%          2
 Mercury Vapours          Alch/Air       100%       N/A       1%          2
 Searing Ray              Conj           94%        2d7       1%          2
 Hailstorm                Conj/Ice       100%       3d16      1%          3
 Teleport Other           Tloc           76%        N/A       1%          3
 Volatile Blastmotes      Fire/Tloc      100%       2d18      1%          3
 Fulminant Prism          Conj/Alch      32%        3d15      1%          4
 Iskenderun's Mystic Bla  Conj/Tloc      63%        2d13      (+2d71%     4
 Olgreb's Toxic Radiance  Alch           77%        N/A       1%          4
 Freezing Cloud           Conj/Ice/Air   64%        6-21      1%          5
 Necrotise                Necr           100%       1d9       2%          1
 Slow                     Hex            100%       N/A       2%          1
 Summon Small Mammal      Summ           100%       N/A       2%          1
 Stone Arrow              Conj/Erth      94%        3d12      2%          3
 Call Imp                 Summ           94%        N/A       3%          2
 Flame Wave               Conj/Fire      56%        2d13      3%          4
 Alistair's Intoxication  Alch           51%        N/A       3%          5
 Yara's Violent Unravell  Hex/Alch       32%        3d13      4%          5
 Leda's Liquefaction      Alch/Erth      32%        N/A       6%          4
 Airstrike                Air            23%        2d(4-20)  7%          4
 Dimensional Bullseye     Hex/Tloc       31%        N/A       7%          4
 Call Canine Familiar     Summ           47%        N/A       8%          3
 Confusing Touch          Hex            47%        N/A       8%          3
 Fugue of the Fallen      Necr           47%        N/A       8%          3
 Sigil of Binding         Hex            47%        N/A       8%          3
 Swiftness                Air            47%        N/A       8%          3
 Tukima's Dance           Hex            47%        N/A       8%          3
 Vampiric Draining        Necr           47%        2d9       8%          3
 Rimeblight               Ice/Necr       72%        2d12      (prim9%     7
 Fireball                 Conj/Fire      28%        3d12      11%         5
 Summon Blazeheart Golem  Fire/Summ      56%        N/A       13%         4
 Summon Forest            Summ/Tloc      31%        N/A       19%         5
 Anguish                  Hex/Necr       23%        N/A       26%         4
 Animate Armour           Summ/Erth      94%        N/A       26%         4
 Animate Dead             Necr           47%        N/A       26%         4
 Dispel Undead            Necr           47%        3d18      26%         4
 Summon Lightning Spire   Summ/Air       47%        N/A       26%         4
 Dispersal                Tloc           38%        N/A       26%         6
 Gell's Gavotte           Tloc           38%        2d(28-42) 26%         6
 Silence                  Hex/Air        23%        N/A       56%         5
 Summon Mana Viper        Hex/Summ       47%        N/A       56%         5
 Death Channel            Necr           23%        N/A       98%         6
 Summon Cactus Giant      Summ           23%        N/A       98%         6
 Magnavolt                Erth/Air       23%        3d14      99%         7
 Malign Gateway           Summ/Tloc      31%        N/A       99%         7
 Seismic Cannonade        Alch/Erth      32%        6d12      99%         7
 Haunt                    Necr/Summ      23%        N/A       100%        7
 Borgnjor's Revivificati  Necr           23%        N/A       100%        8
 Discord                  Hex            23%        N/A       100%        8
 Infestation              Necr           23%        N/A       100%        8
 Lehudib's Crystal Spear  Conj/Erth      23%        10d7      100%        8
 Chain Lightning          Conj/Air       23%        3d31      100%        9
 Fire Storm               Conj/Fire      28%        8d7       100%        9
 Shatter                  Erth           23%        3d20*     100%        9


Dungeon Overview and Level Annotations

Branches:
Dungeon (15/15)            Temple (1/1) D:4            Lair (5/5) D:11
  Swamp (4/4) Lair:3       Spider (4/4) Lair:2        Slime (0/5) Lair:4
    Orc (2/2) D:12            Elf (3/3) Orc:2        Vaults (5/5) D:14
  Crypt (2/3) Vaults:2     Depths (4/4) D:15            Zot (5/5) Depths:4
  Sewer (visited)

Altars:
Ashenzari
Cheibriados
Dithmenos
Elyvilon
Fedhas
Gozag
Hepliaklqana
Kikubaaqudgha
Makhleb
Nemelex Xobeh
Okawaru
Qazlal
Ru
Sif Muna
Trog
Uskayaw
Vehumet
Wu Jian
Xom
Yredelemnul
Zin
The Shining One
Beogh

Shops:
D:1 ?   D:4 *   D:5 *   D:10 *   D:13 [   Orc:2 (([(   Elf:2 (   Elf:3 (:[*
Vaults:4 =   Depths:2 ::   Depths:4 ?

Portals:
Hell: Depths:1 Depths:2 Depths:3 Depths:4
Abyss: Depths:3
Pandemonium: Depths:2 Depths:4
Ziggurat: Depths:4

Annotations:
D:12 2 runed translucent doors, exclusion: orange crystal statue
D:13 1 runed translucent door, Fulij's ghost, journeyman MiFi
Elf:2 3 runed translucent doors
Vaults:1 3 runed translucent doors, TacoSundae's ghost, adept CoGl
Crypt:2 Khufu
Depths:2 exclusion: orange crystal statue


Innate Abilities, Weirdness & Mutations

You are agile. (Dex +4, Str/Int -1)
Your flesh is cold resistant. (rC+)
Your body sometimes deteriorates upon taking damage.
You do not regenerate when monsters are visible.
You passively dampen the noise of your surroundings.
Your health recovers twice as slowly from being drained.


Message History

There is a stone staircase leading up here.
The Orb Guardian hits you.
You climb upwards.
There is a stone staircase leading down here.
Casting: Polar Vortex (dangerous; 1% risk of failure)
Confirm with . or Enter, or press ? or * to list all spells.
You feel a strong surge of power!
A great freezing vortex appears and lifts you up.
The Orb Guardian misses you.
The Orb Guardian hits you but does no damage.
The Orb Guardian attacks as it pursues you!
The Orb Guardian closely misses you.
You kill the Orb Guardian!
Vehumet accepts your kill.
You feel your power returning.
There is a stone staircase leading up here.
You fly upwards.
There is a stone staircase leading down here.
Your extra speed is starting to run out.
The winds around you calm down.
You feel yourself slow down.
Magic restored.
There is an escape hatch in the ceiling here.
A mysterious force pulls you upwards. The hatch slams shut behind you.
An Orb Guardian comes into view.
Casting: Polar Vortex (dangerous; 1% risk of failure)
Confirm with . or Enter, or press ? or * to list all spells.
You feel a strong surge of power!
A great freezing vortex appears and lifts you up.
The Orb Guardian hits you but does no damage.
You kill the Orb Guardian!
Vehumet accepts your kill.
You feel your power returning.
The winds around you start to calm down.
You float gracefully downwards.
You are engulfed in whirling frost.
You are engulfed in whirling frost.
There is a staircase leading out of the dungeon here.
The winds around you calm down.
You have escaped!

#+#.###### #...........# #.#
'∩'.# #..### ##.#######..#####.#
#'### #....####...####..........#
#.# ##.....#..~..#.....########
#.## #ß..~....~....~..ß#
...######...~..~~~..~...##
.......#.....~~~~~~~.....##
#..###.....~~~~...~~~~....# #..#
#...~~~~~..@..~~~~~..#######
#..###....)~~~~...~~~~...........
#......#.....~~~~~~~.....########
##.###.##...~..~~~.[~...##
.......#ß..~....~....~..ß#
####...#.....#..~..#.....## #
#.......####...####....####### #
#.....### ##.#######..##.....
####.....######..##.##.#####.####


There were no monsters in sight!

Vanquished Creatures
  3 dread liches
  5 orbs of fire (Zot:5)
  Mara (Elf:3)
  3 ancient liches
  Mennas (Depths:4)
  Josephina (Crypt:1)
  Sojobo (Vaults:3)
  Boris (Depths:4)
  3 Killer Klowns (Zot:5)
  Margery (Depths:4)
  Bai Suzhen (Vaults:4)
  the Lernaean hydra (Swamp:4)
  A caustic shrike (Depths:2)
  A curse toe (Zot:1)
  11 golden dragons
  Nikola (Swamp:3)
  Jory (Vaults:5)
  Arachne (Spider:2)
  3 electric golems
  A Tzitzimitl (D:13)
  Zenata (Crypt:1)
  24 Orb Guardians
  12 tentacled monstrosities
  2 deep elf blademasters (Elf:3)
  6 titans (Vaults:5)
  2 liches
  Jorgrun (Swamp:3)
  A walking frostbound tome (Depths:4)
  A searing wretch (Depths:3)
  A deep elf master archer (Elf:3)
  5 quicksilver dragons
  An Executioner (D:14)
  3 sphinxes
  The ghost of Uximull the Devastator, an adept DsCA of Gozag (Spider:3)
  2 death cobs
  2 ancient champions (Crypt:1)
  8 tengu reavers
  14 storm dragons
  15 shadow dragons
  Donald (Elf:2)
  3 protean progenitors
  4 emperor scorpions
  8 draconian monks
  6 frost giants
  6 draconian knights
  4 draconian shifters
  3 iron dragons (Zot:4)
  6 fenstrider witches
  7 fire giants
  11 vault wardens
  8 deep elf sorcerers
  A balrug (Depths:1)
  2 deep elf elementalists (Elf:3)
  3 ghost moths
  5 ghouls
  2 curse skulls
  2 orc warlords
  4 draconian scorchers
  4 draconian annihilators
  2 draconian stormcallers (Zot:3)
  A cacodemon (D:7)
  3 broodmothers
  14 very ugly things
  2 spriggan defenders (Depths:2)
  19 ironbound preservers
  17 stone giants
  A quicksilver ooze (Vaults:3)
  5 ironbound thunderhulks
  2 formless jellyfish
  5 vampire knights
  9 deep elf demonologists
  Nessos (Lair:4)
  10 green draconians
  7 black draconians
  7 eleionomae
  13 deep elf death magi
  8 deep elf annihilators (Elf:3)
  3 war gargoyles (Vaults:1)
  9 yellow draconians
  16 dire elephants
  5 red draconians
  7 purple draconians
  13 white draconians
  2 bunyips
  2 blizzard demons
  5 spark wasps
  2 eidola
  8 ettins
  3 fire dragons
  6 jiangshi
  6 entropy weavers
  2 crystal guardians (Vaults:2)
  7 deep elf high priests
  15 yaktaur captains
  2 entropy weavers (shapeshifter)
  7 great orbs of eyes
  31 vault guards
  4 ice dragons
  3 peacekeepers
  4 rakshasas
  A shambling mangrove (Swamp:4)
  19 hydras
  An ogre mage (D:14)
  13 alligators
  5 ghost crabs
  11 centaur warriors
  A jorogumo (Depths:3)
  A merfolk avatar (Lair:5)
  2 spriggan air magi
  2 catoblepae (Lair:4)
  2 two-headed ogres (D:13)
  10 ironbound frosthearts
  3 radroaches
  20 dancing weapons
  2 death yaks (Lair:4)
  A death knight (D:13)
  12 boulder beetles
  4 deep troll shamans
  4 orc high priests
  14 demonic crawlers
  2 tengu warriors (Depths:4)
  Urug (Lair:4)
  10 spriggan berserkers
  4 occultists
  9 deep troll earth magi
  8 vampire magi
  2 soul eaters
  13 deep elf knights
  A sun demon (Depths:3)
  Sonja (Orc:1)
  2 skysharks
  A titan skeleton (Crypt:2)
  7 hell knights
  A sea snake (shapeshifter) (Vaults:5)
  3 bunyip zombies (Swamp:3)
  16 skeletal warriors
  4 iron trolls
  3 sea snakes (Lair:5)
  9 glowing orange brains
  3 goliath frogs (Swamp:2)
  A large abomination (D:14)
  7 spriggan druids
  6 pharaoh ants
  A deep troll (shapeshifter) (Vaults:5)
  76 deep trolls
  22 deep elf archers
  4 arcanists
  8 bog bodies
  13 ironbound convokers
  2 sun moths
  A bunyip skeleton (Swamp:3)
  11 swamp dragons
  4 orb spiders
  An obsidian statue (D:14)
  11 steelbarb worms
  3 thermic dynamos
  A flayed ghost (Crypt:2)
  9 lindwurms
  11 harpies
  27 deep elf pyromancers
  45 deep elf zephyrmancers
  7 phantasmal warriors
  5 necromancers
  A stone giant zombie (Vaults:3)
  11 orc knights
  A human zombie (Vaults:3)
  An obsidian bat (Orc:1)
  9 orc sorcerers
  12 wolf spiders
  3 will-o-the-wisps
  5 manticores
  A tengu skeleton (Vaults:3)
  37 ugly things
  26 moths of wrath
  A shining eye (shapeshifter) (Vaults:5)
  12 meliai
  A meliai (shapeshifter) (D:13)
  5 cyclopes
  A faun (shapeshifter) (Vaults:5)
  11 vault sentinels
  2 kobold blastminers (Orc:2)
  A toenail golem (Depths:2)
  A rust devil (Depths:4)
  An elephant (shapeshifter) (D:13)
  A gargoyle (D:12)
  A stone giant skeleton (Crypt:1)
  3 black mambas
  4 smoke demons
  18 cane toads
  A water nymph (D:15)
  4 torpor snails
  14 elephants
  4 hellions
  An orange demon (D:7)
  A swamp worm zombie (Crypt:1)
  2 unseen horrors (D:13)
  A komodo dragon (shapeshifter) (Elf:3)
  3 kobold demonologists
  A grey draconian zombie (Crypt:2)
  13 komodo dragons
  6 freezing wraiths
  An orb spider zombie (Crypt:1)
  2 rime drakes (Lair:5)
  3 efreet
  An ice devil (D:14)
  3 tormentors
  2 tengu conjurers
  25 yaktaurs
  4 bloated husks
  A green draconian skeleton (Crypt:1)
  5 trolls
  14 tyrant leeches
  A sea snake skeleton (Crypt:1)
  2 polar bears
  17 tarantellas
  13 blink frogs
  Prince Ribbit (D:6)
  18 hornets
  A harpy skeleton (Crypt:1)
  2 dream sheep (shapeshifter)
  27 jumping spiders
  3 wind drakes (Zot:3)
  3 glass eyes
  12 dream sheep (Lair:5)
  A hydra skeleton (Crypt:2)
  A snapping turtle (Lair:5)
  A frost giant simulacrum (Vaults:3)
  Sigmund (D:2)
  A centaur simulacrum (Crypt:2)
  13 culicivoras
  A meliai zombie (Crypt:1)
  4 water elementals
  23 slime creatures
  14 spriggans
  2 vampires
  2 shadows
  2 air elementals (Elf:1)
  5 fire bats (Depths:1)
  65 yaks
  The ghost of Dumalacath the Ruffian, an amateur TrFi of Okawaru (D:4)
  A yak (shapeshifter) (D:15)
  4 wraiths
  5 humans (D:8)
  6 wargs
  2 basilisks
  18 fire elementals
  A steam dragon (Lair:5)
  18 vampire mosquitoes
  67 redbacks
  3 spriggan simulacra
  A chaos spawn (D:13)
  4 acid dragons
  A swamp worm (shapeshifter) (Elf:3)
  13 swamp worms
  14 water moccasins
  10 swamp drakes
  A swamp drake (shapeshifter) (D:13)
  An ice beast (D:5)
  9 laughing skulls
  A fire dragon simulacrum (Crypt:1)
  2 black bears
  26 orc warriors
  An elephant zombie (Crypt:2)
  A black mamba simulacrum (Crypt:2)
  2 crocodiles (Sewer)
  8 centaurs
  4 boggarts (Vaults:4)
  15 wolves
  6 ogres
  A swamp dragon skeleton (Swamp:3)
  3 phantoms (D:5)
  3 kobold brigands
  An earth elemental (Elf:1)
  9 bullfrogs
  A gnoll sergeant (D:8)
  A scorpion (Lair:1)
  A warg skeleton (Crypt:1)
  13 killer bees
  A swamp dragon simulacrum (Crypt:2)
  5 electric eels
  5 howler monkeys
  3 bombardier beetles
  A human simulacrum (Vaults:3)
  5 jellies
  23 orc priests
  4 hounds
  A gnoll bouda (D:8)
  4 sleepcaps
  A black bear skeleton (Crypt:1)
  Terence (D:2)
  7 iguanas
  4 hell rats (Lair:4)
  32 orc wizards
  A malarious merfolk avatar (Sewer)
  A sickly merfolk siren (Sewer)
  12 gnolls
  6 adders
  A river rat (D:5)
  A swamp drake skeleton (Crypt:2)
  2 shadow imps
  6 ufetubi
  3 dart slugs
  A ribbon worm (D:5)
  95 orcs
  9 ball pythons
  4 bats
  8 endoplasms
  5 giant cockroaches
  8 goblins
  3 hobgoblins
  A jackal (D:3)
  3 quokkas
  A ball python zombie (Crypt:1)
  A dart slug zombie (Crypt:1)
  7 frilled lizards
  12 kobolds
  26 rats
  An aspiring flesh (Zot:3)
  A butterfly (Lair:5)
2139 creatures vanquished.

Vanquished Creatures (collateral kills)
  Fannar (Lair:3)
  An elephant (Lair:4)
  A komodo dragon (Lair:3)
  A blink frog (Lair:3)
4 creatures vanquished.

Vanquished Creatures (others)
  A fenstrider witch (Swamp:4)
  A jiangshi (Crypt:1)
2 creatures vanquished.

Grand Total: 2145 creatures vanquished

Notes
Turn   | Place    | Note
-------+----------+-------------------------------------------
     0 | D:1      | KennySheep the Deep Elf Cinder Acolyte began the quest for
                  | the Orb.
     0 | D:1      | Reached XP level 1. HP: 13/13 MP: 5/5
    81 | D:1      | Reached skill level 1 in Ice Magic
   310 | D:1      | Reached XP level 2. HP: 6/18 MP: 6/6
   400 | D:1      | Learned a level 2 spell: Scorch
   510 | D:1      | Found Wotopenn's Magic Scroll Shop.
   513 | D:1      | Bought a scroll of noise for 12 gold pieces
  1003 | D:2      | Reached XP level 3. HP: 22/22 MP: 0/8
  1334 | D:2      | Noticed Terence
  1350 | D:2      | Killed Terence
  1351 | D:2      | Reached XP level 4. HP: 17/27 MP: 2/10
  1739 | D:2      | Noticed Sigmund
  1757 | D:2      | Killed Sigmund
  1758 | D:2      | Reached skill level 5 in Ice Magic
  1758 | D:2      | Reached XP level 5. HP: 29/31 MP: 1/13
  2227 | D:3      | Reached XP level 6. HP: 36/36 MP: 11/14
  3097 | D:3      | Found a faded altar of an unknown god.
  3486 | D:3      | Learned a level 2 spell: Ensorcelled Hibernation
  3545 | D:4      | Found the amulet of the Four Winds {rN+ Will+++ Clar}
  3648 | D:4      | Found Hoqumapn's Neck Hole.
  3693 | D:4      | Reached skill level 5 in Spellcasting
  3789 | D:4      | Found a runed translucent door.
  3791 | D:4      | Noticed Dumalacath's ghost (amateur TrFi)
  4301 | D:4      | Found a staircase to the Ecumenical Temple.
  4378 | Temple   | Entered the Ecumenical Temple
  4668 | D:5      | Entered Level 5 of the Dungeon
  4679 | D:5      | Found a glowing drain.
  4727 | Sewer    | Entered a sewer
  4988 | Sewer    | Reached XP level 7. HP: 40/40 MP: 12/17
  5094 | Sewer    | Learned a level 7 spell: Ozocubu's Refrigeration
  6272 | D:5      | Reached XP level 8. HP: 45/45 MP: 15/20
  7114 | D:5      | Found Woesoiwk's Fire Supplies.
  7132 | D:5      | Bought a +3 leather armour of fire resistance for 312 gold
                  | pieces
  7576 | D:6      | Reached skill level 10 in Ice Magic
  8047 | D:6      | Reached XP level 9. HP: 40/49 MP: 12/23
  8142 | D:6      | Found an ancient bone altar of Kikubaaqudgha.
  8144 | D:6      | Found a blossoming altar of Fedhas.
  8145 | D:6      | Found a shimmering blue altar of Sif Muna.
  8145 | D:6      | Found a sacrificial altar of Ru.
  8146 | D:6      | Found a basalt altar of Yredelemnul.
  8146 | D:6      | Found a glowing silver altar of Zin.
  8147 | D:6      | Found a shadowy altar of Dithmenos.
  8396 | D:6      | Noticed Prince Ribbit
  8406 | D:6      | Killed Prince Ribbit
  9013 | D:7      | Identified a scroll of acquirement
  9018 | D:7      | Acquired 931 gold pieces
 10140 | D:8      | Reached skill level 10 in Spellcasting
 10528 | D:8      | Reached XP level 10. HP: 39/54 MP: 6/26
 11358 | D:8      | Got the Volume of Production
 12318 | D:9      | Found a hide-covered altar of Uskayaw.
 12321 | D:9      | Noticed a +0 hand axe
 12321 | D:9      | Noticed a +0 dagger
 13776 | D:10     | Entered Level 10 of the Dungeon
 14028 | D:10     | Found Xoahior's Assorted Antiques.
 14628 | D:11     | Reached XP level 11. HP: 32/58 MP: 10/29
 14908 | D:11     | Reached skill level 15 in Ice Magic
 15192 | D:10     | Bought a scroll of identify for 54 gold pieces
 15193 | D:10     | Gained mutation: You have very sharp teeth. [potion of
                  | mutation]
 15193 | D:10     | Gained mutation: You are occasionally teleported next to
                  | monsters. [potion of mutation]
 15193 | D:10     | Gained mutation: Your flesh is cold resistant. (rC+)
                  | [potion of mutation]
 15194 | D:10     | Lost mutation: You have very sharp teeth. [potion of
                  | mutation]
 15194 | D:10     | Lost mutation: You are occasionally teleported next to
                  | monsters. [potion of mutation]
 15194 | D:10     | Gained mutation: You do not regenerate when monsters are
                  | visible. [potion of mutation]
 15194 | D:10     | Gained mutation: You are agile. (Dex +4, Str/Int -1)
                  | [potion of mutation]
 15359 | Temple   | Fell from the grace of Ignis
 15359 | Temple   | Became a worshipper of Vehumet
 16269 | D:11     | You fall into a shaft and drop 3 floors!
 16282 | D:13     | Noticed a two-headed ogre
 16284 | D:13     | Found Ackix's Armour Shoppe.
 16301 | D:13     | Bought a +2 hat for 272 gold pieces
 16324 | D:13     | Noticed a centaur warrior
 16324 | D:13     | Noticed a green ugly thing
 16327 | D:13     | Killed a centaur warrior
 16329 | D:13     | Killed a green ugly thing
 16389 | D:13     | You fall into a shaft and drop 2 floors!
 16389 | D:15     | Entered Level 15 of the Dungeon
 16699 | D:13     | Learned a level 6 spell: Sculpt Simulacrum
 16718 | D:13     | Found a runed translucent door.
 16718 | D:13     | Noticed Fulij's ghost (journeyman MiFi)
 16812 | D:13     | Reached * piety under Vehumet
 16812 | D:13     | Offered knowledge of Sandblast by Vehumet.
 16822 | D:13     | Was forgiven by Ignis
 17212 | D:11     | Found a staircase to the Lair.
 17284 | D:11     | Learned a level 9 spell: Polar Vortex
 17287 | Lair:1   | Entered Level 1 of the Lair of Beasts
 17599 | Lair:1   | Reached XP level 12. HP: 64/64 MP: 11/32
 17793 | Lair:1   | Reached skill level 1 in Dodging
 17793 | Lair:1   | Reached skill level 1 in Stealth
 18278 | Lair:1   | Reached skill level 15 in Spellcasting
 19133 | Lair:2   | Offered knowledge of Foxfire by Vehumet.
 19137 | Lair:2   | Reached ** piety under Vehumet
 19272 | Lair:2   | Found a hole to the Spider Nest.
 20614 | Lair:3   | Reached skill level 1 in Ranged Weapons
 20707 | Lair:3   | Noticed Fannar
 20721 | Lair:3   | Killed Fannar
 21112 | Lair:3   | Offered knowledge of Inner Flame by Vehumet.
 21311 | Lair:3   | Found a staircase to the Swamp.
 21352 | Lair:3   | Reached XP level 13. HP: 70/70 MP: 21/35
 21417 | Lair:3   | Reached skill level 5 in Stealth
 21745 | Lair:3   | Identified the +4 hand axe "Rashriosu" {protect, rPois rF+
                  | rC+}
 22137 | Lair:4   | Reached *** piety under Vehumet
 22237 | Lair:4   | Noticed Urug
 22434 | Lair:3   | Reached skill level 5 in Dodging
 22546 | Lair:4   | Offered knowledge of Flame Wave by Vehumet.
 22787 | Lair:4   | Found a staircase to the Slime Pits.
 23007 | Lair:4   | Killed Urug
 23173 | Lair:4   | Reached skill level 5 in Ranged Weapons
 23266 | Lair:4   | Reached skill level 5 in Fighting
 23630 | Lair:4   | Noticed Nessos
 23634 | Lair:4   | Killed Nessos
 23862 | Lair:5   | Entered Level 5 of the Lair of Beasts
 23918 | Lair:5   | Reached **** piety under Vehumet
 24016 | Lair:5   | Offered knowledge of Frozen Ramparts by Vehumet.
 24506 | D:12     | Found a roughly hewn altar of Beogh.
 24674 | D:12     | Found a staircase to the Orcish Mines.
 24966 | D:12     | Reached XP level 14. HP: 78/78 MP: 11/37
 25105 | D:12     | Found a runed translucent door.
 25174 | D:12     | Found the +10 tower shield of Ignorance {rN+ Int-4}
 25178 | D:12     | Found a runed translucent door.
 25190 | D:12     | Learned a level 3 spell: Summon Ice Beast
 25197 | D:12     | Learned a level 6 spell: Permafrost Eruption
 26782 | D:13     | Reached ***** piety under Vehumet
 26797 | D:13     | Offered knowledge of Yara's Violent Unravelling by Vehumet.
 26921 | D:13     | Noticed a frost giant
 26921 | D:13     | Noticed a tengu reaver
 27874 | Orc:1    | Entered Level 1 of the Orcish Mines
 27874 | Orc:1    | Noticed Sonja
 27875 | Orc:1    | Killed Sonja
 28416 | Orc:2    | Entered Level 2 of the Orcish Mines
 28416 | Orc:2    | Found a staircase to the Elven Halls.
 28490 | Orc:2    | Noticed an orc warlord
 28496 | Orc:2    | Killed an orc warlord
 28945 | Orc:2    | Offered knowledge of Arcjolt by Vehumet.
 29021 | Orc:2    | Found a roughly hewn altar of Beogh.
 29630 | Orc:2    | Found Etonoxt's Antique Weapon Shop.
 29634 | Orc:2    | Found Ymoewup's Armour Emporium.
 29639 | Orc:2    | Bought a smoking arbalest for 247 gold pieces
 29639 | Orc:2    | Identified the +9 arbalest of the Volcano {penet, rElec
                  | rPois rN+} (You bought it in a shop on level 2 of the
                  | Orcish Mines)
 29639 | Orc:2    | Bought a crystal triple crossbow for 390 gold pieces
 29639 | Orc:2    | Identified the +9 triple crossbow of Dismemberment {penet,
                  | rC++ Int-3} (You bought it in a shop on level 2 of the
                  | Orcish Mines)
 29644 | Orc:2    | Found Uher Yro's Antique Weapon Emporium.
 29646 | Orc:2    | Found Xigassij's Weapon Shop.
 29776 | D:14     | Reached XP level 15. HP: 84/84 MP: 26/39
 29934 | D:14     | Identified the +1 leather armour of the Exiled Dances {rN++
                  | Regen+ Str-2 Stlth+}
 29960 | D:14     | Found a transporter.
 29960 | D:14     | Found the +8 lance "Wyrmbane" {slay drac, rPois rF+ rC+
                  | AC+3}
 29986 | D:14     | Noticed a frost giant
 29986 | D:14     | Noticed a tengu reaver
 29997 | D:14     | Found a transporter.
 30269 | D:14     | Found a radiant altar of Vehumet.
 30341 | D:14     | Found a gate to the Vaults.
 31955 | Lair:5   | Reached skill level 10 in Ranged Weapons
 32497 | Lair:5   | Offered knowledge of Fireball by Vehumet.
 33148 | D:15     | Found a staircase to the Depths.
 33258 | D:15     | Upgraded the game from 0.32-a0-986-ga09f62fbf4 to
                  | 0.32-a0-995-gb4a59205af
 33879 | Swamp:1  | Entered Level 1 of the Swamp
 33897 | Swamp:1  | Reached XP level 16. HP: 92/92 MP: 28/42
 34888 | Swamp:1  | Found a snail-covered altar of Cheibriados.
 35813 | Swamp:2  | Offered knowledge of Plasma Beam by Vehumet.
 36896 | Swamp:3  | Noticed Nikola
 36907 | Swamp:3  | Killed Nikola
 36912 | Swamp:3  | Noticed Jorgrun
 36915 | Swamp:3  | Killed Jorgrun
 37374 | Swamp:3  | Found an ancient bone altar of Kikubaaqudgha.
 37392 | Swamp:3  | Got Nisilic's Guidebook on Profane Spells
 37543 | Swamp:4  | Entered Level 4 of the Swamp
 37761 | Spider:1 | Entered Level 1 of the Spider Nest
 38258 | Spider:1 | Reached XP level 17. HP: 96/96 MP: 36/45
 38307 | Spider:1 | Offered knowledge of Magnavolt by Vehumet.
 39055 | Spider:2 | Identified the maw talisman "Qunimiutoj" {rPois Dex+3}
 40385 | D:4      | Killed Dumalacath's ghost
 41174 | Spider:2 | Offered knowledge of Spellforged Servitor by Vehumet.
 41502 | Spider:2 | Noticed Arachne
 41508 | Spider:2 | Killed Arachne
 42491 | Spider:3 | Found a runed translucent door.
 42491 | Spider:3 | Found a shimmering altar of Xom.
 42491 | Spider:3 | Noticed Uximull's ghost (adept DsCA)
 42736 | Spider:3 | Identified the ring "Gyex" {rN+ Str+6 Int+4 SInv Stlth+}
 42791 | Spider:3 | Reached skill level 10 in Stealth
 43353 | Spider:4 | Entered Level 4 of the Spider Nest
 44805 | Spider:4 | Identified the +5 hand axe of Strategic Superiority {pain,
                  | ^Fragile Fly rF+}
 44809 | Spider:4 | Identified the +0 rapier "Todist" {flame, rC- Str+3 Int+3}
 44867 | Spider:4 | Offered knowledge of Ignition by Vehumet.
 44868 | Spider:4 | Reached XP level 18. HP: 101/101 MP: 36/48
 45126 | Spider:4 | Reached skill level 10 in Dodging
 45509 | Spider:4 | Got a gossamer rune of Zot
 45658 | Spider:3 | Killed Uximull's ghost
 47105 | Swamp:4  | Got a decaying rune of Zot
 47216 | Swamp:4  | Noticed the 27-headed Lernaean hydra
 47226 | Swamp:4  | Killed the 27-headed Lernaean hydra
 47939 | Vaults:1 | Entered Level 1 of the Vaults
 48460 | Vaults:1 | Found a runed translucent gate.
 48460 | Vaults:1 | Found a runed translucent gate.
 48460 | Vaults:1 | Found a runed translucent gate.
 48460 | Vaults:1 | Noticed TacoSundae's ghost (adept CoGl)
 48704 | Vaults:1 | Reached ****** piety under Vehumet
 49474 | Vaults:1 | Identified the +3 arbalest "Orb Guardian's Curse" {drain,
                  | *Corrode Fly rPois rF+}
 50790 | Vaults:2 | Reached XP level 19. HP: 106/108 MP: 48/50
 51283 | Vaults:2 | Offered knowledge of Ignition by Vehumet.
 51283 | Vaults:2 | Offered knowledge of Maxwell's Capacitive Coupling by
                  | Vehumet.
 51283 | Vaults:2 | Offered knowledge of Fulsome Fusillade by Vehumet.
 52724 | Vaults:2 | Found a staircase to the Crypt.
 53917 | Vaults:3 | Noticed Sojobo
 53923 | Vaults:3 | Killed Sojobo
 55974 | Vaults:3 | Reached XP level 20. HP: 89/116 MP: 3/52
 56239 | Vaults:3 | Found a runed translucent door.
 57767 | Vaults:4 | Found Cynn's Jewellery Boutique.
 57775 | Vaults:4 | Bought the ring "Yrrul" {Wiz rC+ MP+9} for 1132 gold pieces
 58187 | Vaults:4 | Found a glowing golden altar of the Shining One.
 58601 | Vaults:4 | Identified the amulet "Etholeqi" {Reflect ^Drain ^Fragile
                  | rElec Slay+5 SH+5}
 59025 | Elf:1    | Entered Level 1 of the Elven Halls
 60248 | Elf:1    | Reached skill level 10 in Fighting
 60917 | Elf:2    | Noticed Donald
 60923 | Elf:2    | Killed Donald
 61676 | Elf:2    | Found a runed translucent gate.
 61677 | Elf:2    | Found a runed translucent gate.
 61677 | Elf:2    | Found a runed translucent gate.
 61704 | Elf:2    | Found Zogry's Weapon Shop.
 62162 | Elf:3    | Entered Level 3 of the Elven Halls
 62183 | Elf:3    | Found Duizig's Antique Armour Shop.
 62183 | Elf:3    | Found Nuesk's Weapon Boutique.
 62282 | Elf:3    | Noticed Mara
 62288 | Elf:3    | Killed Mara
 62289 | Elf:3    | Reached skill level 27 in Spellcasting
 62289 | Elf:3    | Reached XP level 21. HP: 104/122 MP: 25/54
 62536 | Elf:3    | Reached skill level 15 in Ranged Weapons
 63016 | Elf:3    | Identified the +6 spear of Qihaickipt {vamp, rN+ rCorr
                  | Int-4 Stlth+}
 63016 | Elf:3    | Identified the ring of Incredulity {rPois rC+ Will- Int+2
                  | Slay+5 Stlth+}
 63223 | Elf:3    | Found Fuogehuu's Assorted Antiques.
 63228 | Elf:3    | Found Othraqig's Book Boutique.
 63231 | Elf:3    | Bought a scroll of revelation for 247 gold pieces
 63234 | Elf:3    | Bought the Thoughts on the Isometric Anticline for 578 gold
                  | pieces
 63237 | Elf:3    | Learned a level 2 spell: Blink
 63717 | Depths:1 | Entered Level 1 of the Depths
 64215 | Depths:1 | Found a broken altar of Ashenzari.
 64297 | Depths:1 | Reached skill level 15 in Stealth
 64982 | Depths:1 | Reached skill level 1 in Armour
 65286 | Depths:1 | Identified the +1 scale mail of the Baku {rF- rC+ Str+3}
 65287 | Depths:1 | Found a gateway to Hell.
 65293 | Depths:1 | Identified the +4 demon whip "Cittas" {freeze, Str+2}
 66135 | Depths:2 | Found a sparkling altar of Nemelex Xobeh.
 66770 | Depths:2 | Found Wucon Rose's Jewellery Boutique.
 66770 | Depths:2 | Found Qofu's Book Emporium.
 66774 | Depths:2 | Found Wuuvyliss's Book Emporium.
 67381 | Depths:2 | Upgraded the game from 0.32-a0-995-gb4a59205af to
                  | 0.32-a0-996-gb3226c233f
 67541 | Depths:2 | Noticed a caustic shrike
 67547 | Depths:2 | Killed a caustic shrike
 68018 | Depths:2 | Noticed a golden dragon
 68026 | Depths:2 | Killed a golden dragon
 68028 | Depths:2 | Reached XP level 22. HP: 115/130 MP: 14/55
 68157 | Depths:2 | Identified the ring "Sysuip" {rF+ MP+9 Dex+3}
 68390 | Depths:2 | Found a one-way gate leading to the halls of Pandemonium.
 68568 | Depths:3 | Identified the +3 ring mail of Fanaticism {rElec rPois
                  | Int+5 Dex-4}
 68587 | Depths:3 | Noticed a dread lich
 68619 | Depths:3 | Killed a dread lich
 68687 | Depths:3 | Noticed a golden dragon
 68696 | Depths:3 | Killed a golden dragon
 69115 | D:10     | Bought a scroll of enchant armour for 202 gold pieces
 69986 | Vaults:3 | Identified the +1 pair of boots of Bemoak {rPois Int+4}
 70248 | D:14     | Reached skill level 15 in Dodging
 70410 | D:14     | Identified the +1 hat "Ufurebb" {Rampage rPois}
 70413 | D:14     | Identified the ring "Kinkarre" {rN+++ Will- Dex+6 Slay+3}
 70418 | D:14     | Identified the +8 flail "Atogu" {distort, ^Fragile Str+6}
 70635 | Elf:3    | Reached skill level 27 in Ice Magic
 70685 | Elf:3    | Identified the ring of Dasoramm {rF+ Dex+6}
 70820 | Elf:3    | Identified the amulet "Nary" {Spirit Str+4 Int+2}
 71162 | Elf:3    | Identified the +9 longbow "Ogreslayer" {elec, rC- Int+9}
 71172 | Elf:3    | Reached skill level 5 in Armour
 71647 | Elf:3    | Got the Quarto of Support and the Door
 71665 | Elf:3    | Got the Parchment of Ceraunoscopy
 72098 | Depths:3 | Found a one-way gate to the infinite horrors of the Abyss.
 72451 | Depths:4 | Entered Level 4 of the Depths
 72460 | Depths:4 | Identified the +3 robe "Kiefiose" {rN+ Dex+2}
 72460 | Depths:4 | Noticed Boris
 72690 | Depths:4 | Noticed Mennas
 72703 | Depths:4 | Killed Mennas
 73005 | Depths:4 | Noticed a golden dragon
 73250 | Depths:4 | Noticed Margery
 74050 | Depths:4 | Killed Margery
 74371 | Depths:4 | Found Rax Pil's Magic Scroll Shoppe.
 74379 | Depths:4 | Bought a scroll of enchant armour for 180 gold pieces
 74379 | Depths:4 | Bought 2 scrolls of fear for 192 gold pieces
 74828 | Crypt:1  | Entered Level 1 of the Crypt
 74828 | Crypt:1  | Found a basalt altar of Yredelemnul.
 74838 | Crypt:1  | Noticed Zenata
 74846 | Crypt:1  | Killed Zenata
 74993 | Crypt:1  | Reached XP level 23. HP: 106/138 MP: 49/56
 76172 | Crypt:1  | Learned a level 4 spell: Passage of Golubria
 76219 | Crypt:2  | Identified the ring of Benwig {Ice Will+ Dex+3}
 76219 | Crypt:2  | Noticed Josephina
 76232 | Crypt:1  | Killed Josephina
 76483 | Crypt:2  | Reached skill level 1 in Translocations
 76577 | Crypt:2  | Noticed Khufu
 77775 | Depths:4 | Killed Boris
 77987 | Depths:4 | Found a gate to the Realm of Zot.
 78068 | Depths:4 | Found a one-way gateway to a ziggurat.
 78623 | Vaults:5 | Entered Level 5 of the Vaults
 78681 | Vaults:5 | Noticed a dread lich
 78687 | Vaults:5 | Noticed Bai Suzhen
 78693 | Vaults:4 | Killed a dread lich
 79036 | Vaults:4 | Killed Bai Suzhen
 79231 | Vaults:5 | Noticed an ancient lich
 79231 | Vaults:5 | Noticed Jory
 79235 | Vaults:5 | Killed an ancient lich
 79236 | Vaults:5 | Killed Jory
 79561 | Vaults:5 | Reached skill level 5 in Translocations
 79805 | Vaults:5 | Noticed an ancient lich
 79814 | Vaults:5 | Killed an ancient lich
 80053 | Vaults:5 | Identified the +0 short sword of Discord {drain, rElec
                  | rPois}
 80123 | Vaults:5 | Reached XP level 24. HP: 148/148 MP: 52/56
 80166 | Vaults:5 | Got the Atlas of Kindled Phantasms
 80435 | Vaults:5 | Got the Discourse on the Iliaster
 80437 | Vaults:5 | Got a silver rune of Zot
 80439 | Vaults:5 | Identified the +10 plate armour of the Will of the Gods
                  | {SInv}
 80450 | Vaults:5 | Identified the +1 leather armour of Licymaot {+Blink rElec
                  | Will+ Int+3}
 80846 | Vaults:5 | Got the Cyclopedia of Yeast
 81132 | Vaults:5 | Identified the +8 great mace of Woe {protect, rElec rPois
                  | rF-}
 81302 | Vaults:5 | Identified the +5 hand cannon of Makhleb's Hope {heavy,
                  | Str+6}
 81940 | Zot:1    | Entered Level 1 of the Realm of Zot
 82033 | Zot:1    | Learned a level 8 spell: Disjunction
 84300 | Zot:2    | Reached skill level 15 in Fighting
 86448 | Elf:3    | Bought a glowing cloak for 247 gold pieces
 88046 | Zot:3    | Reached skill level 10 in Armour
 88542 | Zot:4    | Reached skill level 1 in Alchemy
 88593 | Zot:4    | Reached XP level 25. HP: 156/156 MP: 28/56
 89524 | Zot:4    | Identified the +11 longbow "Joallah" {drain, SInv}
 89565 | Zot:4    | Found the ring of the Octopus King
 89618 | Zot:4    | Got the Compendium of Minerals
 89623 | Zot:4    | Identified a ring of the Octopus King {Wiz HP+2 AC+2 EV+2
                  | SH+2}
 90661 | Zot:5    | Entered Level 5 of the Realm of Zot
 90681 | Zot:5    | Noticed an orb of fire
 90685 | Zot:5    | Gained mutation: Your health recovers twice as slowly from
                  | being drained. [an orb of fire]
 90686 | Zot:5    | Killed an orb of fire
 90915 | Zot:5    | Noticed an orb of fire
 90915 | Zot:5    | Noticed an orb of fire
 90919 | Zot:5    | Killed an orb of fire
 90922 | Zot:5    | Killed an orb of fire
 91399 | Zot:5    | Reached skill level 5 in Alchemy
 91464 | Zot:5    | Noticed an ancient lich
 91468 | Zot:5    | Killed an ancient lich
 91734 | Zot:5    | Noticed a dread lich
 91865 | Zot:5    | Noticed an orb of fire
 92460 | Zot:5    | Noticed an orb of fire
 92460 | Zot:5    | Gained mutation: You passively dampen the noise of your
                  | surroundings. [an orb of fire]
 92471 | Zot:5    | Killed an orb of fire
 92516 | Zot:5    | Noticed an orb of fire
 92521 | Zot:5    | Killed an orb of fire
 92761 | Zot:5    | Noticed a Killer Klown
 92764 | Zot:5    | Noticed a Killer Klown
 92767 | Zot:5    | Killed a Killer Klown
 92769 | Zot:5    | Killed a Killer Klown
 92774 | Zot:5    | Noticed a Killer Klown
 92779 | Zot:5    | Killed a dread lich
 92791 | Zot:5    | Killed a Killer Klown
 93441 | Zot:5    | Noticed an orb of fire
 93451 | Zot:5    | Got the Orb of Zot
 93772 | D:13     | Noticed Zafob the pandemonium lord
 93851 | D:7      | Gained mutation: Your body sometimes deteriorates upon
                  | taking damage. [a cacodemon]
 94049 | D:$      | Escaped with the Orb!

Illustrated notes

Levels and vault maps discovered:
D:1:      eino_arrival_water_star, layout_loops_ring, serial_shops,
          nicolae_shop_behind_doors, minmay_misc_feat_diagonals
D:2:      layout_loops_cross, uniq_sigmund, uniq_terence
D:3:      minmay_wonky_spiral, layout_basic,
          shapermc_ecumenical_altar_mp_vishouse
D:4:      layout_cave_pods, minmay_temple_entry_trees,
          hellmonk_ghost_happy_afterlife, nicolae_shop_sticking_my_neck_out
D:5:      layout_basic, portal_sewer_entry_a, nicolae_shop_fire_sale
          [nicolae_sub_dead_trees]
D:6:      layout_cave_pods, grunt_temple_overflow_open, uniq_prince_ribbit1
D:7:      layout_basic, grunt_decor_cap
D:8:      layout_basic, minmay_ruffians
D:9:      layout_basic, dancing_weapons_uskayaw
D:10:     layout_rooms, serial_shops, nicolae_square_shop, minmay_misc_feat_x,
          lemuel_flamethrower_1
D:11:     layout_roguey, dpeg_lair_monsters
D:12:     layout_irregular_city, david_orc_5, portal_ice_cave_entry_pillars_1,
          chequers_guarded_unrand_ignorance
D:13:     kennysheep_snake, layout_cave_pods, serial_shops, shop,
          gammafunk_ghost_grave, drop_trap
D:14:     gammafunk_sealed_arena, layout_loops_ring, erik_vaults_1,
          serial_rivers, chequers_serial_rivers_large_b,
          chequers_serial_rivers_micro_a, chequers_serial_rivers_micro_b,
          chequers_serial_rivers_marsh, nicolae_vehumet_altar_sigil
D:15:     hangedman_depths_entry_try_elsewhere_first, layout_basic
Temple:   nicolae_temple_great_sept
Lair:1:   layout_loops_ring, serial_bayou_shore_a, grunt_megastairs_3,
          infiniplex_staircase_pool
Lair:2:   layout_chaotic_city, hellmonk_spider_entry_not_the_bees
Lair:3:   layout_chaotic_city, mainiacjoe_swamp_entry_angry_trees,
          lemuel_old_faithful, uniq_fannar
Lair:4:   layout_roguey, nicolae_slime_entry_slimehenge, minmay_holes,
          hangedman_lair_generics_rect, uniq_urug, uniq_nessos
Lair:5:   gammafunk_lair_ancient_temple, layout_gridlike, lemuel_fruit_fields,
          serial_bayou_shore_b, grunt_megastairs_4
Swamp:1:  nicolae_swamp_standing_stones, layout_basic_swamp,
          lemuel_altar_in_water, swamp_pool_1_2, nicolae_swamp_round_clearing
Swamp:2:  layout_falls_marsh, evilmike_swamp_ruin_rubble_1, swamp_pool_5
Swamp:3:  layout_basic_swamp, nicolae_swamp_tree_designs, swamp_pool_4,
          nicolae_swamp_bean_lake, hangedman_swamp_cone, beargit_kiku_chapel,
          uniq_jorgrun, uniq_nikola
Swamp:4:  swamp_old_school, layout_basic_swamp
Spider:1: layout_spider_delve
Spider:2: layout_spider_delve, uniq_arachne
Spider:3: layout_chambers, ebering_ghost_xom
Spider:4: hellmonk_spider_rune_bug_friends, drop_trap, worms_lemuel
Orc:1:    layout_caves, uniq_sonja
Orc:2:    st_orc_elflike, layout_diamond_mine, basic_altar
Elf:1:    eino_elf_arrival_the_gate, layout_gridlike, nicolae_elf_crossing_hall
Elf:2:    nicolae_elf_blades_crystal_corner, layout_loops_cross,
          serial_co_window_serial, co_window_of_opportunity_a,
          co_window_corner_a, co_window_of_opportunity_a, co_window_corner_a,
          co_window_of_opportunity_a, co_window_paths_c, co_window_corner_b,
          co_window_corner_b, glass_columns_b, glass_columns_a, glass_columns_a,
          glass_columns_a, serial_shops, nicolae_shop_hallway_plus,
          statue_in_the_mist_lemuel, uniq_donald
Elf:3:    minmay_elf_hall_curves, layout_loops_cross, minmay_shoptagon,
          uniq_mara
Vaults:1: gammafunk_ghost_split, v_pattern_2, nicolae_vaults_yaktaur_gun_rack,
          nicolae_vaults_trapezoid_lopsided_3, nicolae_vaults_circle_grid_b,
          vaults_mumra_hexcomb, nicolae_vaults_little_ls,
          hangedman_vaults_stretched_pinwheel, vaults_room_fours,
          layout_vaults_omnigrid
Vaults:2: minmay_crypt_entry_simple_corners, v_rooms_6, hangedman_vaults_cutoff,
          nicolae_vaults_prndl, nicolae_vaults_weapon_check, v_alt_pattern_5,
          vaults_dpeg_cross, nicolae_vaults_ring_of_whatevers,
          nicolae_vaults_tetromino_T_2, ontoclasm_vaults_twist,
          layout_vaults_omnicross
Vaults:3: nicolae_vaults_heist, nicolae_vaults_more_shelving_2,
          nicolae_vaults_shelves_hall, nicolae_vaults_puzzle_piece,
          nicolae_vaults_circle_grid_b, nicolae_vaults_cornered_office,
          nicolae_vaults_oval_intersection, nicolae_vaults_oval_intersection,
          ontoclasm_vaults_ring_small, hangedman_vaults_trim,
          nicolae_vaults_oozy_zoo, nicolae_vaults_storage_room_glass,
          nicolae_vaults_prndl, nicolae_vaults_layer_cake_slice,
          layout_vaults_omnibox, uniq_sojobo
Vaults:4: lemuel_angel_altar, nicolae_vaults_storage_closets_3,
          nicolae_vaults_house_1, hangedman_vaults_slice,
          nicolae_vaults_network_s, ontoclasm_vaults_hangar,
          nicolae_vaults_theta, nicolae_vaults_lightning_bolt,
          layout_vaults_big_room, serial_shops, nicolae_shop_just_a_little_nook
Vaults:5: uniq_bai_suzhen, uniq_jory
Crypt:1:  layout_gridlike, basic_altar, minivault_25,
          roderic_lattice_octagonal_star, uniq_zenata
Crypt:2:  minmay_skeleton_keep, layout_regular_city, uniq_khufu, uniq_josephina
Depths:1: layout_roguey, ashenzari_conservatory_becter, hellmouth_1, drop_trap,
          hangedman_decor_peaks_small, kennysheep_generic_room_9
Depths:2: regret_index_malice_mire, layout_cave_shapes,
          nemelex_xobeh_ov_fountains_minmay, hell_entry, rand_demon_pan_entry_9,
          minivault_16, infiniplex_staircase_pillars_2, minmay_shop_grove
Depths:3: hellmonk_paralyzer, layout_cave_pools, nicolae_the_louvre,
          hangedman_geh_valley, regret_index_abyss_entry_earlier_magic,
          minmay_misc_feat_enclosed, minmay_fountain_box
Depths:4: evilmike_zot_entry_diamond, layout_gridlike, enter_ziggurat_a,
          serial_sigils_hangedman_quiver, rand_demon_pan_entry_7,
          hangedman_coc_ice_floe, serial_shops, shop, uniq_mennas, uniq_boris,
          uniq_margery
Zot:1:    layout_concentric_octagons, st_stairs_14
Zot:2:    layout_misc_corridors, regret_index_zotdec_dark_gr
Zot:3:    layout_twisted_circle, hangedman_hellfire_club
Zot:4:    layout_cathedral_of_symmetry, st_large_dragon_hoard_3
Zot:5:    layout_gridlike, st_stairs_6, lemuel_lake_of_fire

Skill      XL: |  1  2  3  4  5  6  7  8  9 10 11 12 13 14 15 16 17 18 19 20 21 22 23 24 25 |
---------------+----------------------------------------------------------------------------+-----
Ice Magic      | 1 2 3 5 6 8 10 12 14 17 18 19 20 22 23 24 25 26 27 | 27.0
Spellcasting   | 2 3 4 5 6 8 10 12 14 16 17 18 20 22 24 25 26 27 | 27.0
Dodging        | 4 6 8 9 11 12 13 14 16 17 19 20 | 20.3
Stealth        | 4 7 8 9 10 12 13 14 15 16 18 | 18.2
Fighting       | 4 5 6 7 8 9 10 11 12 14 15 16 | 16.4
Ranged Weapons | 2 5 8 10 11 12 13 14 16 17 18 | 18.8
Armour         | 3 6 8 10 11 | 11.4
Translocations | 5 6 |  6.6
Alchemy        | 1 7 |  7.1
Maces & Flails | |  2.1
Fire Magic     | |  3.2

Action                     |  1- 3 |  4- 6 |  7- 9 | 10-12 | 13-15 | 16-18 | 19-21 | 22-24 | 25-27 || total
---------------------------+-------+-------+-------+-------+-------+-------+-------+-------+-------++-------
  Melee: Mace              |    35 |    12 |    14 |       |       |       |       |       |       ||    61
         Dagger            |       |       |    52 |    23 |       |       |       |       |       ||    75
         Staff             |       |       |       |       |       |       |       |     1 |     1 ||     2
   Fire: Triple crossbow   |       |       |       |    18 |    98 |       |       |       |       ||   116
         Hand cannon       |       |       |       |       |   128 |       |       |       |       ||   128
         Arbalest          |       |       |       |       |   105 |   140 |   172 |   357 |       ||   774
   Cast: Scorch            |    17 |    83 |   200 |   150 |     6 |     7 |       |       |       ||   463
         Ozocubu's Refrige |       |       |       |   141 |   288 |   496 |   576 |   455 |    35 ||  1991
         Ensorcelled Hiber |       |       |       |     2 |       |       |       |       |       ||     2
         Permafrost Erupti |       |       |       |       |     5 |       |    12 |    51 |   131 ||   199
         Polar Vortex      |       |       |       |       |     2 |    17 |    27 |    62 |    13 ||   121
         Summon Ice Beast  |       |       |       |       |       |     1 |       |       |       ||     1
         Blink             |       |       |       |       |       |       |     2 |     5 |       ||     7
 Invoke: Fiery Armour      |     1 |     1 |     6 |     4 |       |       |       |       |       ||    12
         Rising Flame      |       |       |       |     1 |       |       |       |       |       ||     1
  Evoke: Wand              |       |       |       |       |       |       |     1 |     1 |       ||     2
    Use: Potion            |       |     2 |     2 |     7 |     1 |     5 |     6 |     4 |     3 ||    30
         Scroll            |       |     8 |     7 |    13 |     8 |     7 |     8 |    11 |     5 ||    67
   Stab: Invisible         |       |       |       |     1 |       |       |       |       |       ||     1
         Sleeping          |       |       |       |     1 |       |       |       |       |       ||     1
 Armour: Robe              |    30 |    35 |    53 |       |       |       |       |       |       ||   118
         Leather armour    |       |       |   116 |   126 |   122 |   114 |   120 |     8 |       ||   606
         Ice dragon scales |       |       |       |       |       |       |       |   170 |       ||   170
         Fire dragon scale |       |       |       |       |       |       |       |   142 |   110 ||   252
         Skin              |       |       |       |       |       |       |       |     3 |       ||     3
         Storm dragon scal |       |       |       |       |       |       |       |     1 |       ||     1
  Dodge: Dodged            |    21 |    23 |    90 |    89 |    89 |    53 |    86 |   179 |    57 ||   687
         Repelled          |       |       |       |    10 |    22 |    10 |    46 |    68 |       ||   156

Table legend: (Time is in decaauts)
 A = Elapsed time spent in this place.
 B = Non-inter-level travel time spent in this place.
 C = Inter-level travel time spent in this place.
 D = Time resting spent in this place.
 E = Time spent auto-exploring this place.
 F = Levels seen in this place.
 G = Mean time per level.
                   A        B        C        D        E       F      G
               +--------+--------+--------+--------+--------+-----+--------+
         Total |  94980 |  85053 |   9927 |  33557 |  39314 |  51 | 1862.4 |
       Dungeon |  25881 |  21423 |   4458 |   6044 |  11802 |  15 | 1725.4 |
        Temple |     25 |      4 |     21 |      0 |      0 |   1 |   25.0 |
          Lair |   9256 |   8305 |    951 |   3056 |   4088 |   5 | 1851.2 |
         Swamp |   5852 |   5595 |    257 |   2251 |   2669 |   4 | 1463.0 |
   Spider Nest |   7157 |   6574 |    583 |   2958 |   2741 |   4 | 1789.2 |
  Orcish Mines |   1904 |   1698 |    206 |    291 |   1139 |   2 |  952.0 |
   Elven Halls |   6018 |   5618 |    400 |   2095 |   2671 |   3 | 2006.0 |
        Vaults |  15073 |  13860 |   1213 |   6210 |   6140 |   5 | 3014.6 |
         Crypt |   2084 |   2007 |     77 |    808 |    735 |   2 | 1042.0 |
        Depths |   9606 |   8338 |   1268 |   4088 |   2990 |   4 | 2401.5 |
           Zot |  11073 |  10585 |    488 |   5216 |   4079 |   5 | 2214.6 |
         Sewer |   1046 |   1046 |      0 |    537 |    259 |   1 | 1046.0 |
               +--------+--------+--------+--------+--------+-----+--------+

Top non-repeatable levels by time:
    D:13: 3628 daAuts
Vaults:2: 3569 daAuts
Vaults:4: 3415 daAuts
Vaults:3: 3041 daAuts
Vaults:1: 3033 daAuts
Depths:2: 2711 daAuts
   Zot:5: 2619 daAuts
     D:8: 2523 daAuts
   Elf:3: 2390 daAuts
   Zot:1: 2385 daAuts
Depths:1: 2384 daAuts
  Lair:1: 2317 daAuts
Depths:3: 2256 daAuts
Depths:4: 2253 daAuts
Spider:4: 2222 daAuts
